 Dungeon Crawl Stone Soup version 0.32-a0-120-gfac0567ad4 (webtiles) character file.

Game seed: 10734577708591900015

81 Sobieck the Chopper (level 4, -1/38 HPs)
             Began as a Gnoll Reaver on Feb 6, 2024.
             Killed by nerve-wracking pain
             ... invoked by Grinder
              (7 damage)
             ... while paralysed by Grinder
             ... on level 3 of the Dungeon.
             The game lasted 00:02:24 (2192 turns).

Sobieck the Chopper (Gnoll Reaver)                  Turns: 2192, Time: 00:02:25

Health: -1/38      AC:  4    Str: 11    XL:     4   Next: 42%
Magic:  11/11      EV:  2    Int: 15    God:
Gold:   133        SH:  0    Dex: 16    Spells: 12/13 levels left

rFire   . . .        a - +0 hand axe
rCold   . . .        (no shield)
rNeg    . . .        b - +0 leather armour
rPois   .            (helmet restricted)
rElec   .            (no cloak)
rCorr   .            u - +0 pair of gloves
SInv    .            (no boots)
Will    .....        (no amulet)
Stlth   ++           r - +6 ring of dexterity
HPRegen 0.26/turn    (no ring)
MPRegen 0.12/turn

%: no passive effects
@: paralysed, attractive
A: fangs 1, strong nose, distributed training, horns 1
a: no special abilities


You were on level 3 of the Dungeon.
You visited 1 branch of the dungeon, and saw 3 of its levels.

You collected 133 gold pieces.

Inventory:

Hand Weapons
 a - a +0 hand axe (weapon)
Missiles
 f - 8 javelins
 g - 27 stones
 n - 3 boomerangs
 q - 7 poisoned darts
Armour
 b - a +0 leather armour (worn)
 u - a +0 pair of gloves (worn)
Jewellery
 e - a ring of fire
 r - a +6 ring of dexterity (left hand)
Scrolls
 d - a scroll of immolation {unknown}
 h - 2 scrolls of silence {unknown}
 j - 4 scrolls of identify {unknown}
 k - 2 scrolls of fear {unknown}
 o - 3 scrolls of blinking {unknown}
 p - a scroll of amnesia {unknown}
 s - a scroll of teleportation {unknown}
 t - 2 scrolls of revelation {unknown}
Potions
 c - a potion of degeneration {unknown}
 i - a potion of curing {unknown}
 l - a potion of attraction
 m - a potion of mutation


   Skills:
 + Level 4.6 Fighting
 + Level 1.2 Short Blades
 + Level 1.2 Long Blades
 + Level 6.6 Axes
 + Level 1.2 Maces & Flails
 + Level 1.2 Polearms
 + Level 1.2 Staves
 + Level 1.2 Ranged Weapons
 + Level 1.2 Throwing
 + Level 1.2 Armour
 + Level 4.6 Dodging
 + Level 1.2 Stealth
 + Level 1.2 Shields
 + Level 1.2 Unarmed Combat
 + Level 5.1 Spellcasting
 + Level 5.5 Conjurations
 + Level 1.0 Hexes
 + Level 1.0 Summonings
 + Level 1.0 Necromancy
 + Level 1.0 Translocations
 + Level 1.0 Fire Magic
 + Level 1.0 Ice Magic
 + Level 1.0 Air Magic
 + Level 1.0 Earth Magic
 + Level 1.0 Alchemy
 + Level 1.3 Invocations
 + Level 1.2 Evocations
 + Level 1.1 Shapeshifting


You had 12 spell levels left.
You knew the following spells:

 Your Spells              Type           Power      Damage    Failure   Level
a - Kiss of Death         Conj/Necr      52%        2d9       5%          1

Your spell library contained the following spells:

 Spells                   Type           Power      Damage    Failure   Level
 Momentum Strike          Conj/Tloc      26%        3d8       9%          2
 Hailstorm                Conj/Ice       13%        3d6       17%         3
 Lesser Beckoning         Tloc           12%        N/A       22%         2
 Gell's Gravitas          Tloc           6%         N/A       38%         3
 Ozocubu's Armour         Ice            6%         N/A       38%         3
 Teleport Other           Tloc           6%         N/A       38%         3
 Metabolic Englaciation   Hex/Ice        3%         N/A       98%         5
 Sculpt Simulacrum        Ice/Alch       3%         N/A       100%        6


Dungeon Overview and Level Annotations

Branches:
Dungeon (3/15)

Altars:
Elyvilon

Annotations:
D:1 Flight ring
D:3 Grinder


Innate Abilities, Weirdness & Mutations

You have very sharp teeth.
Your uncanny sense of smell can sniff out nearby items.
Your experience applies equally to all skills.
You have a pair of small horns on your head.


Message History

There is an open door here.
You open the door.
Found a stone staircase leading up.
There is an open door here.
g - 27 stones (gained 4)
There is an open door here.
There is a stone staircase leading down here.
You open the door.
There is an open door here.
There is an open door here.
There is an open door here.
Grinder comes into view.
Grinder shouts!
Grinder blinks!
Grinder is nearby!
It was a potion of attraction.
You feel attractive to monsters.
Grinder blinks!
Grinder is attracted toward you.
Unknown command.
You hit Grinder.
Grinder is lightly wounded.
Grinder gestures at you.
You suddenly lose the ability to move!
Grinder hits you!
You writhe in agony.
* * * LOW HITPOINT WARNING * * *
Grinder hits you.
* * * LOW HITPOINT WARNING * * *
Grinder hits you.
* * * LOW HITPOINT WARNING * * *
You writhe in agony.
* * * LOW HITPOINT WARNING * * *
Grinder hits you.
* * * LOW HITPOINT WARNING * * *
You can move again.
You barely miss Grinder.
Grinder is lightly wounded.
Grinder hits you.
* * * LOW HITPOINT WARNING * * *
You hit Grinder. Your bite misses Grinder.
Grinder is lightly wounded.
Grinder closely misses you.
Unknown command.
It was a potion of mutation.
You feel extremely strange. A pair of horns grows on your head!
Grinder gestures at you.
You suddenly lose the ability to move!
Grinder gestures at you. Pain shoots through your body!
You die...
Grinder says, "Hey, I wasn't done torturing you yet!"

..# #.##..# ..
..####.###.## # ##
.....#.# #..##### .#
#. .....#.####.....#
.# ...
.†...........##.#
#.#..#
..#.....#..#....#
.....
..#.....#..#....##..#
∆
#.##...##.###.......#
#..#...#..#.#...@5..#
#..##.##.##.##...#..#
#...#.#..#...#..##..#
#...###.##...##.##..#
##...#..#.....#.....#
#...#..#.....#.##§##
###.............#..
#############.#######
#........


You could see Grinder.

Vanquished Creatures
  4 adders
  A dart slug (D:2)
  5 bats
  2 endoplasms
  2 giant cockroaches
  6 goblins
  5 hobgoblins
  5 kobolds
  3 quokkas
  3 ball pythons
  A frilled lizard (D:1)
  4 rats
41 creatures vanquished.

Notes
Turn   | Place    | Note
-------+----------+-------------------------------------------
     0 | D:1      | Sobieck the Gnoll Reaver began the quest for the Orb.
     0 | D:1      | Reached XP level 1. HP: 20/20 MP: 6/6
   305 | D:1      | Reached XP level 2. HP: 26/26 MP: 7/7
   949 | D:2      | Reached XP level 3. HP: 21/31 MP: 7/9
   966 | D:2      | Reached skill level 1 in Invocations
  1136 | D:2      | Found a white marble altar of Elyvilon.
  1144 | D:2      | Reached skill level 1 in Short Blades
  1144 | D:2      | Reached skill level 1 in Long Blades
  1144 | D:2      | Reached skill level 1 in Maces & Flails
  1144 | D:2      | Reached skill level 1 in Polearms
  1144 | D:2      | Reached skill level 1 in Staves
  1144 | D:2      | Reached skill level 1 in Ranged Weapons
  1144 | D:2      | Reached skill level 1 in Throwing
  1144 | D:2      | Reached skill level 1 in Armour
  1144 | D:2      | Reached skill level 1 in Stealth
  1144 | D:2      | Reached skill level 1 in Shields
  1144 | D:2      | Reached skill level 1 in Unarmed Combat
  1144 | D:2      | Reached skill level 1 in Evocations
  1521 | D:3      | Reached skill level 1 in Shapeshifting
  1521 | D:3      | Reached XP level 4. HP: 33/38 MP: 11/11
  1890 | D:3      | Reached skill level 1 in Hexes
  1890 | D:3      | Reached skill level 1 in Summonings
  1890 | D:3      | Reached skill level 1 in Necromancy
  1890 | D:3      | Reached skill level 1 in Translocations
  1890 | D:3      | Reached skill level 1 in Fire Magic
  1890 | D:3      | Reached skill level 1 in Ice Magic
  1890 | D:3      | Reached skill level 1 in Air Magic
  1890 | D:3      | Reached skill level 1 in Earth Magic
  1890 | D:3      | Reached skill level 1 in Alchemy
  2181 | D:3      | Noticed Grinder
  2184 | D:3      | Paralysed by Grinder for 5 turns
  2191 | D:3      | Gained mutation: You have a pair of small horns on your
                  | head. [potion of mutation]
  2191 | D:3      | Paralysed by Grinder for 4 turns
  2192 | D:3      | Killed from afar by Grinder

Illustrated notes

Levels and vault maps discovered:
D:1:      dpeg_arrival_rhombi, layout_basic, corexii_item_surrounded_by_moat,
          minmay_misc_feat_four_crosses, minmay_pentomino_r2
D:2:      layout_rooms, basic_altar, minmay_vboxes
D:3:      layout_basic, chequers_serial_rivers_large_b, grunt_ministairs_2,
          minmay_unequal, uniq_grinder, uniq_sigmund

Skill      XL: |  1  2  3  4 |
---------------+-------------+-----
Spellcasting   | 5 |  5.1
Invocations    | 1 |  1.3
Short Blades   | 1 |  1.2
Long Blades    | 1 |  1.2
Maces & Flails | 1 |  1.2
Polearms       | 1 |  1.2
Staves         | 1 |  1.2
Ranged Weapons | 1 |  1.2
Throwing       | 1 |  1.2
Armour         | 1 |  1.2
Stealth        | 1 |  1.2
Shields        | 1 |  1.2
Unarmed Combat | 1 |  1.2
Evocations     | 1 |  1.2
Shapeshifting  | 1 |  1.1
Hexes          | 1 |  1.0
Summonings     | 1 |  1.0
Necromancy     | 1 |  1.0
Translocations | 1 |  1.0
Fire Magic     | 1 |  1.0
Ice Magic      | 1 |  1.0
Air Magic      | 1 |  1.0
Earth Magic    | 1 |  1.0
Alchemy        | 1 |  1.0
Fighting       | |  4.6
Axes           | |  6.6
Dodging        | |  4.6
Conjurations   | |  5.5

Action                     |  1- 3 |  4- 6 || total
---------------------------+-------+-------++-------
  Melee: Hand axe          |   119 |    21 ||   140
         Bite              |     8 |       ||     8
         Punch             |     5 |       ||     5
    Use: Potion            |       |     2 ||     2
   Stab: Sleeping          |       |     1 ||     1
 Armour: Leather armour    |    66 |    12 ||    78
  Dodge: Dodged            |    81 |    14 ||    95

Table legend: (Time is in decaauts)
 A = Elapsed time spent in this place.
 B = Non-inter-level travel time spent in this place.
 C = Inter-level travel time spent in this place.
 D = Time resting spent in this place.
 E = Time spent auto-exploring this place.
 F = Levels seen in this place.
 G = Mean time per level.
                   A        B        C        D        E       F      G
               +--------+--------+--------+--------+--------+-----+--------+
         Total |   2214 |   2148 |     66 |      0 |   1841 |   3 |  738.0 |
       Dungeon |   2214 |   2148 |     66 |      0 |   1841 |   3 |  738.0 |
               +--------+--------+--------+--------+--------+-----+--------+

Top non-repeatable levels by time:
     D:1: 764 daAuts
     D:2: 726 daAuts
     D:3: 723 daAuts
